AoeStats
← samuel_ojeda

African Clearing

510442478Analyzed
3v3 RM · 11h ago on Oct 1, 2026· 63m 53s· 6 players
Game mode
Random Map
Map size
Normal (6 player)
Population
200
Speed
Normal
Resources
Standard
Victory
Conquest
Starting age
Dark Age
Ending age
Imperial Age
RankedLock teamsTeams togetherTeam positionsShared explorationLock speedFull tech treeHidden civsTurbo modeCheats
Victory
Defeat
🇲🇽 Sicilians · Mexico
1283
+16
🇲🇽 Chinese · Mexico
1267
+17
🇲🇽 Khmer · Mexico
1267
+17
🇦🇷 Varangians · Argentina
1333
-20
🇦🇷 Sicilians · Argentina
1281
-16
🇦🇷 Celts · Argentina
1224
-14
Arq. Barbaelegante
2:56 Loom
13:18 Feudal Age
17:00 Castle Age
15:24 Double-Bit Axe
15:36 Gold Mining
26:45 Fletching
30:07 Bow Saw
33:21 Wheelbarrow
32:32 Town Watch
33:46 Bodkin Arrow
35:11 Padded Archer Armor
39:16 Imperial Age
37:31 Gold Shaft Mining
37:55 Ballistics
38:41 Leather Archer Armor
39:20 Thumb Ring
39:35 Murder Holes
42:07 Bracer
41:35 Elite Chu Ko Nu
42:57 Conscription
44:55 Chemistry
47:19 Ring Archer Armor
49:56 Coinage
59:15 Capped Ram
60:22 Scale Barding Armor
61:23 Chain Barding Armor
60:32 Siege Ram
62:15 Banking
61:33 Light Cavalry
62:23 Bloodlines
62:14 Husbandry
62:51 Plate Barding Armor
62:27 Forging
64:06 Iron Casting
Lic. Juan Sin Miedo
3:46 Loom
13:31 Feudal Age
14:02 Double-Bit Axe
14:01 Horse Collar
15:22 Bloodlines
17:49 Forging
19:20 Scale Barding Armor
23:46 Castle Age
24:40 Scale Mail Armor
25:16 Iron Casting
24:59 Bow Saw
24:21 Light Cavalry
25:01 Husbandry
25:29 Chain Barding Armor
25:17 Man-at-Arms
26:01 Long Swordsman
26:57 Fletching
33:31 Ballistics
36:50 Wheelbarrow
40:41 Imperial Age
39:51 Stone Mining
39:52 Gold Mining
42:27 Chemistry
43:01 Pikeman
45:00 Conscription
45:44 Halberdier
46:55 Heavy Scorpion
53:17 Heavy Plow
53:47 Hussar
57:18 Plate Barding Armor
57:44 Blast Furnace
Dr. Pulgozoo0
12:37 Feudal Age
15:04 Loom
17:42 Castle Age
16:19 Double-Bit Axe
16:52 Horse Collar
18:36 Bow Saw
21:43 Wheelbarrow
24:39 Town Watch
25:11 Scale Barding Armor
28:43 Chain Barding Armor
29:09 Bloodlines
30:04 Forging
32:31 Iron Casting
34:37 Fletching
43:39 Imperial Age
42:17 Scale Mail Armor
44:40 Chain Mail Armor
48:58 Plate Mail Armor
49:22 Pikeman
50:36 Halberdier
54:54 Blast Furnace
56:37 Elite Serjeant
60:26 Plate Barding Armor
59:45 Cavalier
62:39 Husbandry
samuel_ojeda
3:41 Loom
15:47 Feudal Age
20:04 Castle Age
22:41 Double-Bit Axe
24:38 Scale Mail Armor
26:34 Chain Mail Armor
29:51 Forging
31:49 Iron Casting
31:45 Bow Saw
32:43 Wheelbarrow
33:28 Squires
33:21 Arson
36:55 Fletching
41:30 Bodkin Arrow
44:30 Horse Collar
46:57 Heavy Plow
48:51 Hand Cart
53:29 Imperial Age
53:51 Elite Varangian Guard
56:00 Plate Mail Armor
57:38 Plate Mail Armor
58:17 Blast Furnace
mauro.escalier
8:31 Loom
13:07 Feudal Age
13:33 Double-Bit Axe
13:41 Gold Mining
14:27 Wheelbarrow
19:14 Castle Age
17:44 Horse Collar
21:21 Heavy Plow
30:11 Scale Mail Armor
30:22 Forging
31:05 Gold Shaft Mining
30:46 Bow Saw
31:26 Hand Cart
31:28 Chain Mail Armor
31:03 Pikeman
33:08 Fletching
36:22 Iron Casting
36:23 Man-at-Arms
36:49 Arson
37:55 Gambesons
38:59 Long Swordsman
39:42 Stone Mining
39:41 Town Watch
43:14 Imperial Age
43:44 Capped Ram
43:47 Onager
45:25 Plate Mail Armor
45:55 Blast Furnace
44:18 Two-Handed Swordsman
48:34 Heavy Scorpion
53:26 Stone Shaft Mining
52:34 Light Cavalry
53:15 Husbandry
53:20 Scale Barding Armor
55:33 Ballistics
56:13 Chemistry
56:15 Chain Barding Armor
57:23 Bodkin Arrow
Alejandro Manco
6:55 Loom
12:21 Feudal Age
12:59 Double-Bit Axe
13:47 Town Watch
18:07 Wheelbarrow
17:35 Fletching
17:46 Scale Mail Armor
18:16 Forging
20:31 Stone Mining
28:34 Castle Age
28:50 Scale Barding Armor
29:30 Bloodlines
31:31 Chain Barding Armor
31:59 Bow Saw
34:31 Husbandry
37:25 Hand Cart
37:23 Gold Mining
45:35 Iron Casting
46:12 Horse Collar
47:38 Gold Shaft Mining
47:39 Stone Shaft Mining
49:26 Heavy Plow
52:45 Imperial Age
51:20 Bodkin Arrow
52:38 Padded Archer Armor
53:04 Chain Mail Armor
53:04 Town Patrol
53:24 Squires
52:45 Pikeman
54:28 Blast Furnace
53:29 Bracer
54:01 Conscription
53:06 Elite Skirmisher
54:03 Leather Archer Armor
54:09 Chain Mail Armor
54:55 Blast Furnace
55:00 Chemistry
57:19 Ballistics
57:10 Masonry
57:45 Plate Mail Armor
62:47 Hoardings
Connection lost

Rejoining the realm…

Still unreachable

The connection could not be restored.

Session expired

The server has moved on; the page needs a fresh start.